 Dungeon Crawl Stone Soup version 0.17-a0-755-g4391640 (console) character file.

492 sose the Changer (level 7, 0/35 HPs)
             Began as a Vine Stalker Transmuter on Apr 22, 2015.
             Succumbed to a worker ant's poison
             ... on level 4 of the Dungeon.
             The game lasted 00:11:17 (2801 turns).

sose the Changer (Vine Stalker Transmuter)          Turns: 2801, Time: 00:11:17

Health: 0/35       AC:  7    Str: 13    XL:     7   Next: 14%
Magic:  2/11       EV: 12    Int: 15    God:
Gold:   151        SH:  0    Dex: 14    Spells: 3 memorised, 4 levels left

rFire  . . .     SeeInvis .       - Unarmed
rCold  . . .     Clarity  .     b - +0 robe
rNeg   . . .     SustAb   .     (no shield)
rPois  .         Gourm    .     i - +0 helmet
rElec  .         Spirit   +     (no cloak)
rCorr  .         Warding  .     t - +2 pair of gloves
rMut   .         Stasis   .     (boots currently unavailable)
MR     .....                    (no amulet)
Stlth  +.........               (no ring)
                                (no ring)

@: lethally poisoned (0 -> -4), appendage, drained, not resistant to hostile
enchantments, very unstealthy
A: fangs 2, talons 3, regeneration 2, shaggy fur 1, magic shield, antimagic
bite, no device heal 3, rot immunity
a: End Transformation


You were on level 4 of the Dungeon.
You were not hungry.
You had grown temporary talons.
You visited 1 branch of the dungeon, and saw 4 of its levels.

You collected 151 gold pieces.

Inventory:

Hand weapons
 z - a +1 short sword of draining
Missiles
 a - 80 arrows
Armour
 b - a +0 robe (worn)
 i - a +0 helmet (worn)
 t - a +2 pair of gloves (worn)
Jewellery
 o - a cursed -4 ring of evasion {unknown}
Magical devices
 q - a wand of frost (15)
 w - a wand of digging (9)
Scrolls
 e - a scroll of fog {unknown}
 g - 3 scrolls of magic mapping {unknown}
 m - a scroll of enchant armour {unknown}
 n - 2 scrolls of remove curse {unknown}
 s - 3 scrolls of identify {unknown}
 x - a scroll of teleportation {unknown}
 y - a scroll of fear {unknown}
Potions
 f - a potion of haste {unknown}
 h - 2 potions of heal wounds {unknown}
 j - a potion of agility {unknown}
 k - 2 potions of might {unknown}
 p - a potion of restore abilities {unknown}
 r - a potion of poison {unknown}
 B - 2 potions of curing {unknown}
Books
 c - a book of Changes

   Spells                             Type                      Level
   a - Beastly Appendage              Transmutation                1
   b - Sticks to Snakes               Transmutation                2
   c - Spider Form                    Transmutation/Poison         3
   d - Ice Form                       Ice/Transmutation            4
   e - Blade Hands                    Transmutation                5
Comestibles
 d - 5 bread rations
 l - 4 meat rations
 u - 2 chunks of flesh
 v - a royal jelly
 A - a beef jerky


   Skills:
 + Level 2.5(2.0) Fighting
 + Level 2.7(2.3) Dodging
 + Level 4.0(3.5) Unarmed Combat
 - Level 2.1(1.7) Spellcasting
 + Level 5.3(4.8) Transmutations
 - Level 2.0(1.5) Poison Magic


You had 4 spell levels left.
You knew the following spells:

 Your Spells              Type           Power        Failure   Level  Hunger
a - Beastly Appendage     Trmt           ###...       3%          1    ##.....
b - Sticks to Snakes      Trmt           ###.......   6%          2    ###....
c - Spider Form           Trmt/Pois      ##........   21%         3    ####...


Dungeon Overview and Level Annotations

Branches:
Dungeon (4/15)
 Temple: D:4-7

Altars:
Gozag
Makhleb
Qazlal
Ru
Xom


Innate Abilities, Weirdness & Mutations

You have extremely sharp teeth.
You heal very quickly.
You are covered in fur (AC +1).
When hurt, damage is shared between your health and your magic reserves.
Your bite disrupts and absorbs the magic of your enemies.
Potions and wands cannot restore your health.
You are immune to rotting.
You have claws for feet.


Message History

The worker ant is severely wounded.
You feel sick. The worker ant bites you.
You are more poisoned.
The worker ant poisons you!
The orc priest mumbles some strange prayers to Beogh against you.
Something smites you!
* * * LOW HITPOINT WARNING * * *
The worker ant waves its antennae.
The worker ant barely misses you.
Unknown command.
* * * LOW HITPOINT WARNING * * *
You feel sick.
* * * LOW HITPOINT WARNING * * *
You feel sick.
* * * LOW HITPOINT WARNING * * *
You feel sick.
The orc priest glows brightly for a moment.
* * * LOW HITPOINT WARNING * * *
You feel sick. The worker ant barely misses you.
You die...

#################################
..........................#......
..........................#......
.....................o....#......
..###'###.....##.....##().†......
####...##.....##..a.o##o.>##.....
#............+@....'so..# $...
#............#.....####+# ..o.
#............#.....##...##.....
####'##......#.............. .
##...##......#..........#
#............#÷...>.....#######
#...........##..)..##...##.....
#...........##.....##...##.....
####...##.....#.......#..........


You could see a worker ant, 2 orc priests, an orc wizard, an orc and a giant
cockroach.

Vanquished Creatures
  An ogre (D:4)
  2 orc priests (D:3)
  A hound (D:4)
  An orc wizard (D:3)
  4 worker ants
  3 gnolls (D:4)
  5 adders
  An adder skeleton (D:4)
  3 worms
  6 giant geckos
  11 orcs (D:3)
  6 giant cockroaches
  8 hobgoblins
  A ball python (D:2)
  10 bats
  2 giant newts (D:2)
  4 goblins
  13 jackals
  3 kobolds
  A quokka (D:4)
  10 rats
96 creatures vanquished.

Notes
Turn   | Place    | Note
--------------------------------------------------------------
     0 | D:1      | sose, the Vine Stalker Transmuter, began the quest for the Orb.
     0 | D:1      | Reached XP level 1. HP: 9/9 MP: 4/4
   312 | D:1      | Reached XP level 2. HP: 10/14 MP: 3/6
   316 | D:1      | Learned a level 2 spell: Sticks to Snakes
   753 | D:2      | Found a sacrificial altar of Ru.
   859 | D:2      | Found a shimmering altar of Xom.
   875 | D:2      | Found a stormy altar of Qazlal.
   876 | D:2      | Found a burning altar of Makhleb.
   884 | D:2      | Reached XP level 3. HP: 15/17 MP: 7/7
   947 | D:2      | Learned a level 3 spell: Spider Form
  1055 | D:2      | Found a stormy altar of Qazlal.
  1262 | D:3      | Reached skill level 4 in Transmutations
  1262 | D:3      | Reached skill level 1 in Poison Magic
  1262 | D:3      | Reached XP level 4. HP: 2/21 MP: 5/8
  1548 | D:3      | Reached XP level 5. HP: 25/25 MP: 5/9
  1553 | D:3      | Reached skill level 1 in Fighting
  1823 | D:3      | Gained mutation: You heal very quickly. [Vine Stalker growth]
  1823 | D:3      | Reached XP level 6. HP: 14/30 MP: 5/10
  2399 | D:4      | Reached skill level 5 in Transmutations
  2440 | D:4      | Found an opulent altar of Gozag.
  2786 | D:4      | Reached XP level 7. HP: 33/35 MP: 8/11
  2799 | D:4      | HP: 1/35 [poisoned by a worker ant]
  2801 | D:4      | Succumbed to a worker ant's poison

Action                   |  1- 3 |  4- 6 |  7- 9 || total
-------------------------+-------+-------+-------++-------
Melee: Unarmed           |    99 |   324 |     8 ||   431
 Cast: Beastly Appendage |     7 |    16 |     1 ||    24
       Spider Form       |       |     6 |       ||     6
  Eat: Bread ration      |       |     1 |       ||     1
       Chunk             |       |     4 |       ||     4
